 Dungeon Crawl Stone Soup version 0.18-a0-1405-g73f4075 (webtiles) character file.

4953 Duffy the Cleaver (level 10, -4/64 HPs)
             Began as a Tengu Gladiator on Feb 25, 2016.
             Was an Initiate of Cheibriados.
             Slain by an orc warrior
             ... wielding a +0 halberd
              (11 damage)
             ... on level 9 of the Dungeon.
             The game lasted 00:12:49 (12350 turns).

Duffy the Cleaver (Tengu Gladiator)                Turns: 12350, Time: 00:12:49

Health: -4/64      AC:  7    Str: 17    XL:     10   Next: 53%
Magic:  0/11       EV: 16    Int:  9    God:    Cheibriados [......]
Gold:   451        SH:  0    Dex: 19    Spells: 0 memorised, 9 levels left

rFire  . . .     SeeInvis .     j - +2 hand axe (venom)
rCold  . . .     Gourm    .     v - +0 scale mail
rNeg   . . .     Faith    .     (no shield)
rPois  .         Spirit   +     c - +0 hat
rElec  .         Dismiss  .     (no cloak)
rCorr  .         Reflect  .     p - +0 pair of gloves
SustAt +         Harm     .     (boots unavailable)
MR     .....                    t - amulet of guardian spirit
Stlth  ..........               J - ring of sustain attributes
                                G - ring of wizardry

@: very slow, not resistant to hostile enchantments, extremely unstealthy
A: beak, talons 3, able to fly 1
a: Fly, Bend Time, Renounce Religion


You were on level 9 of the Dungeon.
You worshipped Cheibriados.
Cheibriados was noncommittal.
You were not hungry.

You visited 2 branches of the dungeon, and saw 10 of its levels.
You also visited: Ossuary.

You collected 451 gold pieces.


Innate Abilities, Weirdness & Mutations

You have a beak for a mouth.
You have claws for feet.
You can fly.


   Skills:
 + Level 7.8 Fighting
 * Level 12.0 Axes
 - Level 2.0 Throwing
 + Level 9.0 Dodging


You had 9 spell levels left.
You didn't know any spells.

Inventory:

Hand Weapons
 a - a +0 war axe
 j - a +2 hand axe of venom (weapon)
Missiles
 b - 28 poisoned needles
 d - 4 throwing nets (quivered)
Armour
 c - a +0 hat (worn)
 p - a +0 pair of gloves (worn)
 v - a +0 scale mail (worn)
Jewellery
 t - an amulet of guardian spirit (around neck)
 G - a ring of wizardry (left hand)
 J - a ring of sustain attributes (right hand)
Wands
 Q - a wand of slowing (20/48)
Scrolls
 h - a scroll of silence {unknown}
 i - 2 scrolls of immolation {unknown}
 k - a scroll of enchant armour {unknown}
 m - 2 scrolls of fog
 o - 2 scrolls of enchant weapon {unknown}
 q - 2 scrolls of magic mapping
 s - 7 scrolls of remove curse
 u - 2 scrolls of recharging
 x - 2 scrolls of amnesia {unknown}
 y - 5 scrolls of fear
 A - a scroll of identify
 B - a scroll of blinking
 F - 2 scrolls of teleportation
 P - a scroll of vulnerability
Potions
 e - 6 potions of curing
 g - a potion of berserk rage {unknown}
 w - 2 potions of heal wounds
 z - 2 potions of agility
 D - 2 potions of brilliance
 E - a potion of cure mutation
 H - a potion of cancellation {unknown}
 I - 3 potions of flight
 K - 3 potions of resistance
 N - 2 potions of ambrosia
 O - a potion of might
Comestibles
 f - 9 bread rations
 l - 3 chunks of flesh
 n - 6 meat rations
 r - 8 fruits

Dungeon Overview and Level Annotations

Branches:
Dungeon (9/15)             Temple (1/1) D:7            Lair (0/8) D:9
    Orc: D:9-12

Altars:
Ashenzari
Cheibriados
Dithmenos
Elyvilon
Fedhas
Gozag
Kikubaaqudgha
Makhleb
Nemelex Xobeh
Okawaru
Pakellas
Qazlal
Ru
Sif Muna
Trog
Vehumet
Xom
Yredelemnul
Zin
The Shining One

Shops:
D:4 =   D:6 *   D:7 :

Annotations:
D:4 Duffy's ghost, novice TeGl
D:5 Tomstefer's ghost, novice TeCj
D:7 exclusion: door


Message History

The orc hits you with an enchanted dagger.
The orc warrior hits you with a halberd!
Items here: %% )))) [[[ You hit the orc warrior.
The orc warrior is poisoned.
You claw the orc warrior, but do no damage.
The orc warrior is lightly wounded.
You closely miss the orc. You hit the orc.
You kill the orc!
Cheibriados appreciates the change of pace.
You hit the orc.
The orc is heavily wounded.
The orc misses you.
The orc hits you with an enchanted dagger.
You hit the orc warrior.
The orc warrior looks even sicker.
Your peck misses the orc warrior.
The orc warrior is moderately wounded.
You slash the orc!
You kill the orc!
Cheibriados appreciates the change of pace.
You hit the orc.
The orc is poisoned.
The orc is heavily wounded.
You closely miss the orc. The orc warrior completely misses you.
The orc misses you. x2
You closely miss the orc warrior. Your kick misses the orc warrior.
The orc warrior is heavily wounded.
You barely miss the orc. You slash the orc!
You kill the orc!
Cheibriados appreciates the change of pace.
You closely miss the orc warrior. You claw the orc warrior.
The orc warrior is heavily wounded.
You hit the orc.
The orc is poisoned.
The orc is lightly wounded.
The orc completely misses you.
The orc warrior hits you with a halberd!
You die...

#.#........######.#
#......##### #.# #....###
#.## #.#### #..# #.#
####.### #.# ## ####
#....... #.# ##.# #..#
#.##.##.
#####.###o(#.##.###.##.##.
#.....(.(@)...##..........
#.....).##o....##........<
#..##.#.# ....#.######.#..
#..#..#.# .....# #.... #.
#..... ....... #..>. #
............#8 #....
......#......#######...#
##.....#[....###.##..####
#......#


You could see an orc warrior and an orc.

Action                   |  1- 3 |  4- 6 |  7- 9 | 10-12 || total
-------------------------+-------+-------+-------+-------++-------
Melee: War axe           |    45 |       |   100 |       ||   145
       Hand axe          |    28 |   119 |   329 |   236 ||   712
 Abil: Fly               |       |       |     1 |       ||     1
  Use: Scroll            |       |       |    15 |     5 ||    20
       Potion            |       |       |     2 |       ||     2
 Stab: Distracted        |       |     1 |       |       ||     1
  Eat: Chunk             |       |     8 |    17 |    11 ||    36
       Pizza             |       |       |     1 |       ||     1
       Beef jerky        |       |       |     1 |       ||     1
       Fruit             |       |       |       |     2 ||     2

Notes
Turn   | Place    | Note
--------------------------------------------------------------
     0 | D:1      | Duffy the Tengu Gladiator began the quest for the Orb.
     0 | D:1      | Reached XP level 1. HP: 12/12 MP: 2/2
   160 | D:1      | Reached XP level 2. HP: 15/17 MP: 3/3
   322 | D:1      | Reached skill level 4 in Axes
   444 | D:1      | Reached XP level 3. HP: 11/22 MP: 4/4
  1081 | D:2      | Found a sacrificial altar of Ru.
  1207 | D:2      | Reached XP level 4. HP: 27/27 MP: 5/5
  1211 | D:2      | Found an opulent altar of Gozag.
  1438 | D:2      | Found an oddly glowing altar of Pakellas.
  1667 | D:2      | Reached skill level 3 in Fighting
  1722 | D:2      | Found an iron altar of Okawaru.
  2186 | D:3      | Reached skill level 4 in Dodging
  2304 | D:3      | Reached skill level 5 in Axes
  2304 | D:3      | Gained mutation: You can fly. [Tengu growth]
  2304 | D:3      | Reached XP level 5. HP: 27/32 MP: 6/6
  3112 | D:4      | Reached XP level 6. HP: 33/37 MP: 7/7
  3262 | D:4      | Noticed Duffy's ghost (novice TeGl)
  3265 | D:4      | Noticed Menkaure
  3452 | D:4      | Found Huapom's Jewellery Shoppe.
  3459 | D:5      | Entered Level 5 of the Dungeon
  3531 | D:5      | Found a shimmering altar of Xom.
  3711 | D:5      | Reached skill level 6 in Axes
  3852 | D:5      | Reached skill level 4 in Fighting
  3852 | D:5      | Reached skill level 5 in Dodging
  3852 | D:5      | Reached XP level 7. HP: 27/43 MP: 3/8
  4083 | D:5      | Noticed Tomstefer's ghost (novice TeCj)
  4152 | D:6      | Found a sand-covered staircase.
  4157 | Ossuary  | Entered an ossuary
  4819 | D:6      | Found Zin's Purification Station.
  4824 | D:6      | Found a glowing silver altar of Zin.
  4828 | D:6      | Noticed Sigmund
  4837 | D:6      | Killed Sigmund
  4837 | D:6      | Reached skill level 7 in Axes
  5004 | D:6      | Reached XP level 8. HP: 43/48 MP: 9/9
  5395 | D:4      | Reached skill level 5 in Fighting
  5395 | D:4      | Reached skill level 8 in Axes
  5395 | D:4      | Reached skill level 6 in Dodging
  5407 | D:4      | Killed Menkaure
  6358 | D:4      | Found a stormy altar of Qazlal.
  6579 | D:4      | Found an opulent altar of Gozag.
  6630 | D:4      | Found a burning altar of Makhleb.
  7094 | D:5      | Reached skill level 9 in Axes
  7622 | D:6      | Reached XP level 9. HP: 51/55 MP: 10/10
  7662 | D:6      | Reached skill level 7 in Dodging
  7915 | D:6      | Reached skill level 6 in Fighting
  8036 | D:6      | Noticed Duvessa
  8038 | D:6      | Noticed Dowan
  8046 | D:6      | Killed Duvessa
  8049 | D:6      | Killed Dowan
  8408 | D:7      | Found an oddly glowing altar of Pakellas.
  8569 | D:7      | Found Birifoq's Book Boutique.
  8576 | D:7      | Reached skill level 10 in Axes
  8850 | D:7      | Found a shadowy altar of Dithmenos.
  9049 | D:7      | Found a staircase to the Ecumenical Temple.
  9113 | Temple   | Entered the Ecumenical Temple
  9327 | D:7      | Reached skill level 8 in Dodging
  9879 | D:7      | Noticed Joseph
  9900 | D:7      | Killed Joseph
  9900 | D:7      | Reached skill level 7 in Fighting
  9900 | D:7      | Reached skill level 11 in Axes
  9900 | D:7      | Reached XP level 10. HP: 18/63 MP: 4/11
 10728 | D:7      | Found a deep blue altar of Sif Muna.
 11608 | D:8      | Found a bloodstained altar of Trog.
 11791 | D:8      | Reached skill level 9 in Dodging
 11887 | D:8      | Reached skill level 12 in Axes
 12153 | D:8      | Found a blossoming altar of Fedhas.
 12156 | D:8      | Found a glowing golden altar of the Shining One.
 12159 | D:8      | Found a snail-covered altar of Cheibriados.
 12163 | D:8      | Became a worshipper of Cheibriados the Contemplative
 12248 | D:9      | Found a staircase to the Lair.
 12350 | D:9      | Slain by an orc warrior

Vault maps used:
D:1:      minmay_arrival_plants_in_alcoves, minmay_close_crescents
D:2:      okawaru_metal_pillars_3, lemuel_crystal_altar, grunt_pakellas_sulfur,
          nicolae_gozag_seed_capital
D:4:      makhleb_blood_cavern_becter, kennysheep_mini_moat, lemuel_round_altar,
          serial_shops, nicolae_shop_stone, kennysheep_minor_cross,
          uniq_menkaure
D:5:      xom_teletrap_fun, first_bread
D:6:      zin_purify, enter_ossuary_2, uniq_duvessa, uniq_sigmund
D:7:      wad_woods_stonehenge, led_sif_book, grunt_dithmenos_shadows,
          serial_shops, shop, uniq_joseph
D:8:      trog_ov_bears_minmay, grunt_temple_overflow_diamond, the_bakery
D:9:      lair_0_dummy, hiddenorc1_lemuel, kennysheep_decorative_pillar
Temple:   circular_temple_6
Ossuary:  ossuary_crypta

Vanquished Creatures
  Joseph
  A spriggan Sigmund
  A hippogriff
  A hungry ghost Menkaure Duvessa
  2 ice beasts
  A sky beast
  An orc warrior
  2 black bears
  4 phantoms
  A wasp
  4 ogres
  3 centaurs
  3 big kobolds
  5 giant frogs Dowan
  2 scorpions
  4 killer bees
  3 crimson imps
  2 jellies
  A giant frog skeleton
  7 hounds
  11 orc wizards
  7 orc priests
  3 worker ants
  2 big kobold zombies
  2 hound zombies
  4 mummies
  A worker ant zombie
  8 adders
  4 gnolls
  4 river rats
  2 shadow imps
  2 oozes
  2 worms
  3 dart slugs
  6 giant geckos
  44 orcs
  4 giant cockroaches
  A gnoll zombie
  12 goblins
  14 hobgoblins
  17 jackals
  19 kobolds
  4 quokkas
  5 ball pythons
  7 bats
  A giant gecko skeleton
  6 giant newts
  A goblin zombie
  2 hobgoblin zombies
  A jackal skeleton
  A kobold zombie
  An orc zombie
  A quokka skeleton
  6 rats
  17 plants
278 creatures vanquished.
